 Dungeon Crawl Stone Soup version 0.31-a0-435-g2c6fae2916 (webtiles) character file.

Game seed: 17946638074275844864

74 LeprechaunX the Ruffian (level 4, 0/29 HPs)
             Began as an Octopode Shapeshifter on Aug 1, 2023.
             Slain by an orc
             ... wielding a +0 trident
              (1 damage)
             ... on level 3 of the Dungeon.
             The game lasted 00:01:26 (1573 turns).

LeprechaunX the Ruffian (Octopode Shapeshifter)     Turns: 1573, Time: 00:01:27

Health: 0/29       AC:  1    Str: 16    XL:     4   Next: 30%
Magic:  4/4        EV: 13    Int: 10    God:
Gold:   100        SH:  0    Dex: 12    Spells: 3/3 levels left

rFire   . .          .
                       - Unarmed
rCold   . . .        (no shield)
rNeg    . . .        (helmet currently unavailable)
rPois   .            (no amulet)
rElec   .            (no ring)
rCorr   .            (no ring)
SInv    .            (no ring)
Will    .....        (no ring)
Stlth   ++           (no ring)
HPRegen 0.24/turn    (no ring)
MPRegen 0.09/turn    (no ring)
                     (no ring)

%: no passive effects
@: beast-form
A: beast (slay +2), almost no armour, amphibious, 8 rings, camouflage 1,
gelatinous body 1, (nimble swimmer 1), tentacles
a: Begin Untransformation


You were on level 3 of the Dungeon.
You were a hulking beast.
You visited 1 branch of the dungeon, and saw 3 of its levels.

You collected 100 gold pieces.

Inventory:

Talismans
 b - a beast talisman (active)
Scrolls
 c - a scroll of noise {unknown}
 e - a scroll of fog {unknown}
 f - a scroll of amnesia {unknown}
 g - 2 scrolls of identify {unknown}
Potions
 a - a potion of lignification
 d - a potion of attraction {unknown}


   Skills:
 + Level 1.8 Fighting
 + Level 2.6 Dodging
 * Level 4.0 Unarmed Combat
 + Level 3.3 Shapeshifting


You had 3 spell levels left.
You didn't know any spells.
Your spell library contained the following spells:

 Spells                   Type           Power      Damage    Failure   Level
 Sting                    Tmut/Pois      0%         1d3       36%         1
 Poisonous Vapours        Pois/Air       0%         N/A       50%         2
 Olgreb's Toxic Radiance  Pois           0%         N/A       98%         4


Dungeon Overview and Level Annotations

Branches:
Dungeon (3/15)

Altars:


Innate Abilities, Weirdness & Mutations

You are a hulking beast.
Your limbs bulge with bestial killing power. (Slay +2)
You cannot wear most types of armour.
You are amphibious.
You can wear up to eight rings at the same time.
Your skin changes colour to match your surroundings (Stealth+).
Your rubbery body absorbs attacks. (AC +1, EV +1)
((You are camouflaged when in or above water. (Stealth+)))
You have tentacles for arms and can constrict up to eight enemies at once.


Message History

You tentacle-slap the orc. You grab the orc. You squeeze the orc.
You kill the orc!
The orc hits you from afar with a +0 trident.
Unknown command.
Unknown command.
You swing at nothing.
You swing at nothing.
You swing at nothing.
You swing at nothing.
You tentacle-slap the worm. You grab the worm.
The worm is moderately wounded.
You constrict the worm, but do no damage.
You tentacle-slap the worm.
The worm is heavily wounded.
You constrict the worm. The worm barely misses you.
You tentacle-slap the worm.
The worm is almost dead.
You constrict the worm.
You kill the worm!
Your Unarmed Combat skill increases to level 4!
You swing at nothing.
You swing at nothing.
You tentacle-slap the orc wizard. Your grab misses the orc wizard.
You squeeze the orc wizard.
The orc wizard is moderately wounded.
The orc misses you.
The orc wizard hits you with a +0 dagger.
You bludgeon the orc wizard! Your grab misses the orc wizard.
The orc wizard is almost dead.
The orc wizard closely misses you. The orc barely misses you.
You closely miss the orc wizard. Your grab misses the orc wizard.
The orc wizard is almost dead.
The orc hits you from afar with a +0 trident.
The orc wizard casts a spell at you. The magic dart hits you!
* * * LOW HITPOINT WARNING * * *
You tentacle-slap the orc wizard.
You kill the orc wizard!
The orc hits you from afar with a +0 trident.
You die...

#.# #.# #.# #.#
#.# #.# #.# #.#
### #.# #>#
...# #.#
#.##....# .#
#<###.......#
..## ##h#..w..#
...#
##..)o##o##
#..### ##..[###
o#
#...######..#.#
.o
#....†....##.#
#.#
#.....###.##.#
o. #..####
#.##.# #..
##..# #..... ..
#...# ###...


You could see an orc.

Vanquished Creatures
  An orc wizard (D:3)
  An adder (D:2)
  3 worms
  2 orcs (D:3)
  2 bats (D:1)
  3 endoplasms
  3 giant cockroaches
  6 goblins (D:1)
  4 hobgoblins
  3 jackals (D:1)
  5 kobolds
  4 quokkas
  6 ball pythons
  6 rats
49 creatures vanquished.

Notes
Turn   | Place    | Note
-------+----------+-------------------------------------------
     0 | D:1      | LeprechaunX the Octopode Shapeshifter began the quest for
                  | the Orb.
     0 | D:1      | Reached XP level 1. HP: 13/13 MP: 1/1
   167 | D:1      | Reached XP level 2. HP: 18/18 MP: 2/2
   309 | D:1      | Reached XP level 3. HP: 23/23 MP: 3/3
   514 | D:1      | Found a faded altar of an unknown god.
  1145 | D:2      | Reached XP level 4. HP: 29/29 MP: 4/4
  1568 | D:3      | Reached skill level 4 in Unarmed Combat
  1572 | D:3      | HP: 1/29 [orc wizard/magic dart (12)]
  1573 | D:3      | Slain by an orc

Illustrated notes

Levels and vault maps discovered:
D:1:      dpeg_chamrin_arrival_tetris, layout_loops_ring,
          hellmonk_ecumenical_altar_leap_of_faith
D:2:      layout_basic
D:3:      minmay_general_purpose_star, layout_rooms, nicolae_uskayaw_dance_hall,
          minmay_shallow_snake_nest

Skill      XL: |  1  2  3  4 |
---------------+-------------+-----
Unarmed Combat | 4 |  4.0
Fighting       | |  1.8
Dodging        | |  2.6
Shapeshifting  | |  3.3

Action                     |  1- 3 |  4- 6 || total
---------------------------+-------+-------++-------
  Melee: Unarmed           |    65 |    20 ||    85
         Tentacles         |    16 |     5 ||    21
         Constrict         |    20 |     4 ||    24
   Stab: Sleeping          |     2 |     5 ||     7
 Armour: Skin              |     3 |       ||     3
  Dodge: Dodged            |    47 |     5 ||    52

Table legend: (Time is in decaauts)
 A = Elapsed time spent in this place.
 B = Non-inter-level travel time spent in this place.
 C = Inter-level travel time spent in this place.
 D = Time resting spent in this place.
 E = Time spent auto-exploring this place.
 F = Levels seen in this place.
 G = Mean time per level.
                   A        B        C        D        E       F      G
               +--------+--------+--------+--------+--------+-----+--------+
         Total |   1565 |   1511 |     54 |      0 |   1259 |   3 |  521.7 |
       Dungeon |   1565 |   1511 |     54 |      0 |   1259 |   3 |  521.7 |
               +--------+--------+--------+--------+--------+-----+--------+

Top non-repeatable levels by time:
     D:2: 814 daAuts
     D:1: 686 daAuts
     D:3: 64 daAuts
